 Dungeon Crawl Stone Soup version 0.24.0-37-gcf1ca852f1 (webtiles) character file.

Game seed: 9602728329457889531, levelgen mode: deterministic

21 sankara the Grasshopper (level 3, -2/24 HPs)
             Began as a Halfling Warper on Nov 30, 2019.
             Slain by a hound (4 damage)
             ... on level 2 of the Dungeon.
             The game lasted 00:05:24 (713 turns).

sankara the Grasshopper (Halfling Warper)            Turns: 713, Time: 00:05:24

Health: -2/24      AC:  3    Str: 13    XL:     3   Next: 5%
Magic:  1/5        EV: 14    Int: 11    God:
Gold:   75         SH:  0    Dex: 13    Spells: 1/5 levels left

rFire    . . .     SeeInvis .   a - +0 short sword
rCold    . . .     Gourm    .   (shield restricted)
rNeg     . . .     Faith    .   k - +0 leather armour
rPois    .         Spirit   .   (no helmet)
rElec    .         Reflect  .   (no cloak)
rCorr    .         Harm     .   (no gloves)
MR       .....                  (no boots)
Stlth    +.........             (no amulet)
HPRegen  0.08/turn              (no ring)
MPRegen  0.09/turn              (no ring)

@: no status effects
A: small, mutation resistance 1
a: no special abilities


You were on level 2 of the Dungeon.
You were not hungry.

You visited 1 branch of the dungeon, and saw 2 of its levels.

You collected 75 gold pieces.

Inventory:

Hand Weapons
 a - a +0 short sword (weapon)
 b - a +0 hunting sling
Missiles
 e - 5 boomerangs of dispersal (quivered)
 g - 12 stones
Armour
 k - a +0 leather armour (worn)
Jewellery
 j - an uncursed ring of fire
Scrolls
 d - 2 scrolls of blinking
 l - a scroll of amnesia {unknown}
 m - a scroll of fog {unknown}
Potions
 h - 4 potions of heal wounds
 i - a potion of might {unknown}
Comestibles
 f - 2 rations


   Skills:
 - Level 1.7 Fighting
 - Level 3.2 Short Blades
 - Level 1.0 Throwing
 - Level 1.1 Armour
 - Level 2.1 Dodging
 - Level 1.5 Spellcasting
 + Level 1.2 Charms
 + Level 3.6 Translocations


You had one spell level left.
You knew the following spells:

 Your Spells              Type           Power        Failure   Level  Hunger
a - Blink                 Tloc           N/A          13%         2    ###....
b - Shroud of Golubria    Chrm/Tloc      #.....       22%         2    ###....

Your spell library contained the following spells:

 Spells                   Type           Power        Failure   Level  Hunger
 Gell's Gravitas          Tloc           #.........   26%         3    ####...
 Lesser Beckoning         Tloc           #.........   26%         3    ####...
 Teleport Other           Tloc           #.......     26%         3    ####...
 Passage of Golubria      Tloc           N/A          65%         4    #####..


Dungeon Overview and Level Annotations

Branches:
Dungeon (2/15)

Altars:
Makhleb


Innate Abilities, Weirdness & Mutations

You are small and have problems with some larger weapons.
You are somewhat resistant to further mutation.


Message History

You hit the hound.
The hound is severely wounded.
The hound bites you. The hound closely misses you.
Casting: Shroud of Golubria (safe; 22% risk of failure)
Confirm with . or Enter, or press ? or * to list all spells.
Space distorts slightly along a thin shroud covering your body.
The hound bites you.
Your shroud falls apart!
Casting: Shroud of Golubria (safe; 22% risk of failure)
Confirm with . or Enter, or press ? or * to list all spells.
You don't have enough magic to cast that spell.
You barely miss the hound.
The hound is severely wounded.
The hound bites you.
* * * LOW HITPOINT WARNING * * *
The hound closely misses you.
You hit the hound but do no damage.
The hound is severely wounded.
The hound bites you.
You die...

...........#.#
#.........##
####<......#
#####...#
##....#
##....##
##...###
##..### #@h##
##†.# ##...†
##.._∩ #..#
###


You could see a hound.

Vanquished Creatures
  A dart slug (D:1)
  A ball python (D:2)
  2 bats (D:1)
  2 giant cockroaches (D:1)
  2 goblins (D:1)
  2 hobgoblins
  3 jackals (D:1)
  A frilled lizard (D:1)
  2 kobolds (D:1)
16 creatures vanquished.

Notes
Turn   | Place    | Note
-------+----------+-------------------------------------------
     0 | D:1      | sankara the Halfling Warper began the quest for the Orb.
     0 | D:1      | Reached XP level 1. HP: 14/14 MP: 3/3
   210 | D:1      | Reached XP level 2. HP: 18/19 MP: 4/4
   223 | D:1      | Learned a level 2 spell: Blink
   226 | D:1      | Learned a level 2 spell: Shroud of Golubria
   376 | D:1      | Reached skill level 1 in Charms
   595 | D:2      | Reached XP level 3. HP: 17/24 MP: 5/5
   684 | D:2      | Found a burning altar of Makhleb.
   713 | D:2      | Slain by a hound

Levels and vault maps discovered:
D:1:      minmay_arrival_arboretum_small, layout_rooms, due_unseen_surprise
D:2:      layout_basic, okawaru_ov_weapons_minmay, makhleb_blood_cavern_becter

Skill      XL: |  1  2 |
---------------+-------+-----
Short Blades   | 3 |  3.2
Charms         | 1 |  1.2
Fighting       | |  1.7
Throwing       | |  1.0
Armour         | |  1.1
Dodging        | |  2.1
Spellcasting   | |  1.5
Translocations | |  3.6

Action                   || total
-------------------------++-------
Melee: Short sword       ||    88
 Fire: Hunting sling     ||     6
 Cast: Shroud of Golubri ||     6
       Blink             ||     1
  Use: Potion            ||     1
Armor: Leather armour    ||    21
Dodge: Dodged            ||    71
